AoeStats
← High T

Arena

504081648Analyzed
1v1 RM · 29d ago on Sep 3, 2026· 53m 44s· 2 players
Game mode
Random Map
Map size
Tiny (2 player)
Population
200
Speed
Normal
Resources
Standard
Victory
Conquest
Starting age
Dark Age
Ending age
Imperial Age
RankedLock teamsTeams togetherTeam positionsShared explorationLock speedFull tech treeHidden civsTurbo modeCheats
Victory
Defeat
🇧🇪 Britons · Belgium
865
+16
🇧🇪 Japanese · Belgium
857
-40
High T
7:39 Loom
10:44 Feudal Age
13:20 Bloodlines
14:03 Double-Bit Axe
20:18 Castle Age
18:21 Horse Collar
20:36 Light Cavalry
22:20 Bow Saw
23:36 Scale Barding Armor
27:25 Wheelbarrow
27:41 Town Watch
28:40 Stone Mining
28:46 Gold Mining
30:46 Fletching
30:57 Padded Archer Armor
30:22 Crossbowman
32:35 Hand Cart
33:23 Heavy Plow
37:26 Imperial Age
34:53 Bodkin Arrow
35:14 Leather Archer Armor
37:23 Gold Shaft Mining
36:38 Stone Mining
37:28 Elite Skirmisher
40:30 Kataparuto
40:21 Husbandry
39:42 Cavalier
40:37 Pikeman
51:06 Chain Barding Armor
50:47 Scale Mail Armor
51:02 Forging
Llama
10:37 Feudal Age
11:54 Double-Bit Axe
15:11 Castle Age
13:38 Horse Collar
15:29 Wheelbarrow
14:39 Loom
16:19 Bow Saw
17:28 Hand Cart
19:02 Heavy Plow
22:31 Pikeman
23:12 Squires
28:55 Town Watch
31:42 Imperial Age
31:15 Gold Mining
31:20 Stone Mining
31:42 Scale Mail Armor
31:52 Forging
31:30 Arson
32:10 Fletching
32:21 Padded Archer Armor
31:48 Elite Skirmisher
33:15 Gold Shaft Mining
34:14 Treadmill Crane
34:55 Ballistics
35:36 Chemistry
36:04 Two-Man Saw
35:52 Warwolf
36:12 Conscription
36:15 Yeomen
36:24 Bodkin Arrow
36:35 Scale Barding Armor
37:06 Iron Casting
36:46 Leather Archer Armor
36:47 Chain Mail Armor
36:51 Husbandry
36:12 Light Cavalry
38:26 Bracer
38:46 Chain Barding Armor
40:47 Blast Furnace
41:08 Hoardings
42:36 Elite Longbowman
43:08 Halberdier
44:20 Plate Mail Armor
48:12 Ring Archer Armor
48:25 Siege Engineers
48:30 Masonry
48:15 Murder Holes
Connection lost

Rejoining the realm…

Still unreachable

The connection could not be restored.

Session expired

The server has moved on; the page needs a fresh start.